 Dungeon Crawl Stone Soup version 0.27.1-2-g3b301248ec (webtiles) character file.

Game seed: 12323244693785959668

476 barney the Changer (level 6, 0/47 HPs)
             Began as a Draconian Transmuter on Oct 1, 2021.
             Slain by a scorpion (8 damage)
             ... on level 5 of the Dungeon.
             The game lasted 00:05:02 (5068 turns).

barney the Changer (Draconian Transmuter)           Turns: 5068, Time: 00:05:03

Health: 0/47       AC:  2    Str: 13    XL:     6   Next: 85%
Magic:  9/9        EV: 19    Int: 15    God:
Gold:   105        SH:  0    Dex: 16    Spells: 3/9 levels left

rFire    . . .     SeeInvis .     - Unarmed
rCold    . . .     Faith    .   (shield currently unavailable)
rNeg     . . .     Spirit   .   (armour unavailable)
rPois    x         Reflect  .   (helmet currently unavailable)
rElec    .         Harm     .   (cloak currently unavailable)
rCorr    .         Rampage  .   (gloves currently unavailable)
Will     .....                  (boots currently unavailable)
Stlth    +.........             (no amulet)
HPRegen  0.15/turn              (no ring)
MPRegen  0.11/turn              (no ring)

@: mighty, brilliant, lethally poisoned (0 -> -7), spider-form (expiring)
A: venomous fangs, AC +6, tiny, unfitting armour, (cold-blooded)
a: End Transformation


You were on level 5 of the Dungeon.
You were a venomous arachnid creature.
You visited 1 branch of the dungeon, and saw 5 of its levels.

You collected 105 gold pieces.

Inventory:

Hand Weapons
 a - a +4 dagger of speed (melded)
Armour
 f - a +0 pair of boots (melded)
Wands
 e - a wand of digging (4)
 k - a wand of paralysis (5)
Scrolls
 b - 2 scrolls of identify {unknown}
 d - a scroll of noise {unknown}
 m - a scroll of teleportation {unknown}
Potions
 h - a potion of might
 i - a potion of degeneration {unknown}
 j - 2 potions of heal wounds {unknown}
 l - a potion of cancellation {unknown}


   Skills:
 - Level 1.1 Fighting
 - Level 1.7 Dodging
 - Level 3.0 Unarmed Combat
 - Level 2.0 Spellcasting
 + Level 7.5 Transmutations


You had 3 spell levels left.
You knew the following spells:

 Your Spells              Type           Power      Damage    Failure   Level
a - Beastly Appendage     Tmut           72%        N/A       5%          1
b - Spider Form           Tmut/Pois      9%         N/A       32%         3
c - Wereblood             Tmut           36%        N/A       7%          2

Your spell library contained the following spells:

 Spells                   Type           Power      Damage    Failure   Level
 Freeze                   Ice            8%         1d3       43%         1
 Dazzling Flash           Conj/Hex       4%         N/A       75%         3
 Frozen Ramparts          Ice            4%         1d2       75%         3
 Ice Form                 Ice/Tmut       19%        N/A       65%         4
 Hailstorm                Conj/Ice       2%         3d3       98%         4
 Agony                    Necr           2%         N/A       100%        5
 Silence                  Hex/Air        1%         N/A       100%        5


Dungeon Overview and Level Annotations

Branches:
Dungeon (5/15)
 Temple: D:4-7

Altars:
Ashenzari
Nemelex Xobeh
The Shining One

Shops:
D:2 :


Innate Abilities, Weirdness & Mutations

You are a venomous arachnid creature.
You have poisonous fangs.
You are tiny and dextrous.
Your spellcasting is less reliable in this form.
Your armour is entirely melded.
You are incapable of wielding weapons or throwing items.
((Your plain brown scales are hard. (AC +6)))
You cannot fit into any form of body armour.
((You are cold-blooded and may be slowed by cold attacks.))


Message History

Found a hand axe.
Found 17 stones.
A scorpion comes into view.
Found 11 gold pieces.
A scorpion is nearby!
A scorpion is nearby!
Casting: Spider Form (dangerous; 14% risk of failure)
Confirm with . or Enter, or press ? or * to list all spells.
You turn into a venomous arachnid creature.
Your +4 dagger of speed melds into your body.
Your +0 pair of boots melds into your body.
Unknown command.
The scorpion misses you.
You barely miss the scorpion. The scorpion stings you!
You are poisoned.
The scorpion poisons you!
You barely miss the scorpion.
You feel very sick. The scorpion completely misses you.
You barely miss the scorpion.
You feel very sick. The scorpion completely misses you.
You hit the scorpion but do no damage.
You feel very sick. The scorpion stings you. x2
You are too injured to fight recklessly!
It was a potion of might.
You feel very mighty all of a sudden.
Your transformation is almost over.
* * * LOW HITPOINT WARNING * * *
You feel very sick. The scorpion misses you.
It was a potion of brilliance.
You feel clever all of a sudden.
* * * LOW HITPOINT WARNING * * *
You feel very sick. The scorpion closely misses you.
It was a potion of magic.
Magic courses through your body.
* * * LOW HITPOINT WARNING * * *
You feel sick. The scorpion stings you!
You die...

#.####..............#
#.......##..........#
....(..............<#
.#.##.#####.........####
.. ...
####.............. .
..#. #.................
#.## #...............##
... ##.............#.#
## .....).s?.....(#...
##.....s...###.# ##
#.........# ..#
##.....#.## .#
..(....#.# #.........$
..##........ ## #.....
...


You could see a scorpion.

Vanquished Creatures
  An ogre (D:4)
  2 orc priests
  A hound (D:4)
  Jessica (D:2)
  Terence (D:2)
  Natasha (thrice) (D:3)
  2 orc wizards
  A hound skeleton (D:4)
  Robin (D:2)
  2 adders (D:3)
  An adder skeleton (D:4)
  5 dart slugs
  10 orcs
  9 endoplasms
  A giant cockroach (D:2)
  6 hobgoblins
  4 quokkas
  8 ball pythons
  3 bats
  2 frilled lizards
  6 goblins (D:2)
  4 kobolds
  3 rats
77 creatures vanquished.

Notes
Turn   | Place    | Note
-------+----------+-------------------------------------------
     0 | D:1      | barney the Draconian Transmuter began the quest for the
                  | Orb.
     0 | D:1      | Reached XP level 1. HP: 16/16 MP: 3/3
   541 | D:1      | Reached XP level 2. HP: 21/23 MP: 5/5
   614 | D:1      | Reached skill level 3 in Transmutations
  1116 | D:2      | Noticed Robin
  1142 | D:2      | Killed Robin
  1143 | D:2      | Reached XP level 3. HP: 10/28 MP: 6/6
  1692 | D:2      | Found Toeneeq's Book Shop.
  1849 | D:2      | Learned a level 3 spell: Spider Form
  1852 | D:2      | Learned a level 2 spell: Wereblood
  1961 | D:2      | Reached skill level 4 in Transmutations
  2160 | D:2      | Noticed Terence
  2170 | D:2      | Killed Terence
  2171 | D:2      | Reached XP level 4. HP: 18/35 MP: 3/7
  2461 | D:2      | Noticed Jessica
  2468 | D:2      | Found a faded altar of an unknown god.
  2468 | D:2      | Noticed a great orb of eyes
  2481 | D:2      | Killed Jessica
  2599 | D:2      | Noticed a great orb of eyes
  2605 | D:2      | Noticed a floating eye
  2615 | D:2      | Noticed an eye of devastation
  2756 | D:3      | Noticed Natasha
  2764 | D:3      | Killed Natasha
  2765 | D:3      | Reached skill level 5 in Transmutations
  3012 | D:3      | Reached XP level 5. HP: 37/40 MP: 5/8
  3179 | D:3      | Noticed Natasha
  3183 | D:3      | Killed Natasha
  3484 | D:3      | Noticed Natasha
  3491 | D:3      | Killed Natasha
  3508 | D:3      | Reached skill level 6 in Transmutations
  4028 | D:3      | Reached XP level 6. HP: 47/47 MP: 5/9
  4063 | D:3      | Found a broken altar of Ashenzari.
  4248 | D:4      | Reached skill level 7 in Transmutations
  4636 | D:4      | Found a sparkling altar of Nemelex Xobeh.
  4721 | D:4      | Found a glowing golden altar of the Shining One.
  5007 | D:5      | Entered Level 5 of the Dungeon
  5068 | D:5      | Slain by a scorpion

Illustrated notes

Levels and vault maps discovered:
D:1:      amcnicky_arrival_flooded_fountain, layout_basic
D:2:      layout_loops_ring, serial_shops, nicolae_diamond_shop,
          hellmonk_ecumenical_altar_watching_god, uniq_terence, uniq_robin,
          uniq_jessica
D:3:      layout_loops_ring, cheibrodos_ashenzari_chains, uniq_natasha
D:4:      layout_loops_ring, marbit_many_paths, tso_metal_star
D:5:      layout_rooms

Skill      XL: |  1  2  3  4  5  6 |
---------------+-------------------+-----
Transmutations | 3 4 5 6 7 |  7.5
Fighting       | |  1.1
Dodging        | |  1.7
Unarmed Combat | |  3.0
Spellcasting   | |  2.0

Action                   |  1- 3 |  4- 6 || total
-------------------------+-------+-------++-------
Melee: Short sword       |    53 |       ||    53
       Unarmed           |    12 |    94 ||   106
       Tailslap          |    12 |     3 ||    15
       Kick              |     8 |     2 ||    10
       Headbutt          |     7 |     2 ||     9
       Dagger            |    25 |    22 ||    47
 Cast: Beastly Appendage |    13 |     4 ||    17
       Spider Form       |     1 |    19 ||    20
       Wereblood         |       |     2 ||     2
  Use: Potion            |     3 |     5 ||     8
 Stab: Sleeping          |     1 |     1 ||     2
Armor: Skin              |    19 |    13 ||    32
Dodge: Dodged            |    51 |    79 ||   130
